 Dungeon Crawl Stone Soup version 0.18-a0-1202-g796ae12 (webtiles) character file.

2113 M4edhros the Blocker (level 9, 0/79 HPs)
             Began as an Octopode Artificer on Jan 31, 2016.
             Succumbed to an orc wizard's poison
             ... on level 7 of the Dungeon.
             The game lasted 00:11:37 (5302 turns).

M4edhros the Blocker (Octopode Artificer)           Turns: 5302, Time: 00:11:38

Health: 0/79       AC: 24    Str: 10    XL:     9   Next: 29%
Magic:  10/10      EV:  2    Int: 17    God:    Xom [....*.]
Gold:   109        SH: 13    Dex: 13    Spells: 0 memorised, 8 levels left

rFire  + + .     SeeInvis .     t - +3 short sword
rCold  + . .     Gourm    .     J - +2 shield {rF+}
rNeg   + + +     Faith    .     (helmet currently unavailable)
rPois  +         Spirit   .     j - amulet of harm
rElec  .         Dismiss  .     A - ring of protection from fire
rCorr  .         Reflect  .     G - ring of poison resistance
SustAt .         Harm     +     L - ring of protection from cold
MR     +....     NoTele   +     (no ring)
Stlth  ++........               (no ring)
                                (no ring)
                                (no ring)
                                (no ring)

@: lethally poisoned (0 -> -3), tree-form, hasted, very quick, somewhat
resistant to hostile enchantments, unstealthy
A: almost no armour, amphibious, 8 rings, (constrict 8), (tentacle spike 0),
(camouflage 0), blurry vision 1, low mp 1, magic resistance 1, slow regeneration
1, (gelatinous body 0)
a: Renounce Religion


You were on level 7 of the Dungeon.
You worshipped Xom.
You were a beloved toy of Xom.
You were not hungry.
You were a tree.
You visited 2 branches of the dungeon, and saw 8 of its levels.
You also visited: Ossuary.

You collected 304 gold pieces.
You spent 195 gold pieces at shops.

Inventory:

Hand Weapons
 a - a +0 short sword
 n - a +1 hunting sling
 q - a +0 blowgun
 t - a +3 short sword (weapon)
Missiles
 s - a throwing net
 v - 40 sling bullets
 w - 121 stones (quivered)
 y - 40 poisoned needles
 H - 5 steel tomahawks
Armour
 u - a +1 hat (melded)
 J - a +2 shield of fire resistance (worn)
Jewellery
 j - an amulet of harm (around neck)
 A - a ring of protection from fire (left branch)
 G - a ring of poison resistance (right branch)
 L - a ring of protection from cold (on tentacle)
Wands
 b - a wand of flame (5/48)
 c - a wand of enslavement (8/24)
 d - a wand of random effects (19/48)
 l - a wand of heal wounds (4/9)
 D - a wand of confusion (13/48)
Scrolls
 g - a scroll of fear {unknown}
 i - 2 scrolls of noise {unknown}
 k - 11 scrolls of remove curse
 r - a scroll of vulnerability {unknown}
 x - a scroll of blinking
 B - 5 scrolls of teleportation
 F - 3 scrolls of identify
Potions
 m - 3 potions of might
 o - a potion of agility {unknown}
 p - a potion of flight {unknown}
 C - a potion of berserk rage {unknown}
 I - a potion of ambrosia {unknown}
Books
 h - a book of Hinderance

   Spells                             Type                      Level
   a - Confusing Touch                Hexes                        2
   b - Confuse                        Hexes                        3
   c - Gell's Gravitas                Hexes/Translocation          3
   d - Petrify                        Transmutation/Earth          4
   e - Metabolic Englaciation         Hexes/Ice                    5
   f - Yara's Violent Unravelling     Hexes/Transmutation          5
Comestibles
 f - 2 bread rations
 E - a beef jerky
 M - a royal jelly


   Skills:
 - Level 1.0 Fighting
 - Level 1.0 Short Blades
 - Level 2.2 Dodging
 - Level 2.2 Stealth
 + Level 11.5 Shields
 - Level 3.4 Evocations


You had 8 spell levels left.
You didn't know any spells.

Dungeon Overview and Level Annotations

Branches:
Dungeon (7/15)             Temple (1/1) D:6

Altars:
Dithmenos
Gozag
Kikubaaqudgha
Nemelex Xobeh
Pakellas
Qazlal
Ru
Sif Muna
Trog
Xom
Yredelemnul
Zin

Shops:
D:6 *

Annotations:
D:4 M4edhros's ghost, amateur OpAr
D:5 M4edhros's ghost, novice OpAr


Innate Abilities, Weirdness & Mutations

You cannot wear most types of armour.
You are amphibious.
You can wear up to eight rings at the same time.
((You can use your tentacles to constrict eight enemies at once.))
((Your skin changes colour to match your surroundings (Stealth).))
((Your rubbery body absorbs attacks (AC +1).))
((One of your tentacles bears a spike.))
Scrolls take you a little longer to read.
Your magical capacity is low (-10% MP).
You are resistant to hostile enchantments.
You regenerate slowly when monsters are visible.


Message History

The orc priest shouts!
The orc wizard moves out of view.
You block the giant frog's attack.
The orc priest moves out of view.
You hit the giant frog.
The giant frog is lightly wounded.
You block the giant frog's attack.
The giant frog hits you but does no damage.
An orc wizard comes into view. It is wielding a dagger.
You barely miss the giant frog.
The giant frog is lightly wounded.
The orc wizard shouts!
You block the giant frog's attack.
The orc priest invokes the aid of Beogh against you.
Something smites you!
* * * LOW HITPOINT WARNING * * *
The orc wizard casts a cantrip, but nothing happens.
Drink which item? (? for menu, Esc to quit)
It was a potion of haste.
You feel yourself speed up.
You die...
Xom giggles madly!

* **,*,,,*o,,,,,,*,,,*,* *
*,.#,##.,,,,,,,*,***,* *
*,....#o,,,,,,,,,,,,,* **
*,#....o,*,+**,⌠,,,*** ,**
**,,,..#o#,,,,,**#.**
,,*****,,**,..oo*,,,*,...*
**,,,,,,*****#os*,,,*....*******
**,,,,** ###F##+##....,,,,,,*
**,,** #..)♣........******* *,,*
#....!.......* **,*
##..........#* *,*
#..........#** *,*
##..........,** *,*
#..........<,** *,**
##.........,,,** *,,*
##.........,,,,*** **,*
##..(.......,,,,,,*


You could see a giant frog, a scorpion, an orc priest, 3 orc wizards and 2 orcs.

Vanquished Creatures
  Prince Ribbit (D:6)
  The ghost of nuthulu the Skirmisher, an amateur GrFi (Ossuary)
  Sigmund (D:5)
  2 ogres
  2 centaurs (D:7)
  A giant frog (D:6)
  A gnoll sergeant (D:5)
  A water moccasin zombie (Ossuary)
  A wyvern zombie (Ossuary)
  2 scorpions
  A bog body (Ossuary)
  A wasp zombie (Ossuary)
  2 centaur zombies (Ossuary)
  2 giant frog zombies
  2 crimson imps
  A jelly (D:5)
  An orc wizard (D:7)
  2 iguanas (D:5)
  3 worker ants
  4 killer bee zombies
  5 hound zombies
  13 mummies (Ossuary)
  3 worker ant zombies (Ossuary)
  3 gnolls (D:5)
  3 adders
  3 worms
  5 giant geckos
  8 orcs
  2 giant cockroaches
  5 goblins
  4 hobgoblins
  7 jackals
  3 kobolds
  2 quokkas (D:4)
  A ball python (D:4)
  3 bats
  A giant cockroach zombie (Ossuary)
  2 giant gecko skeletons
  A giant gecko zombie (Ossuary)
  2 giant newts
  2 jackal skeletons
  2 jackal zombies (Ossuary)
  2 quokka zombies
  A rat (D:2)
115 creatures vanquished.

Vanquished Creatures (collateral kills)
  A bog body (Ossuary)
  A mummy (Ossuary)
2 creatures vanquished.

Vanquished Creatures (others)
  A bog body (Ossuary)
  A shadow imp (D:7)
2 creatures vanquished.

Grand Total: 119 creatures vanquished

Notes
Turn   | Place    | Note
--------------------------------------------------------------
     0 | D:1      | M4edhros the Octopode Artificer began the quest for the Orb.
     0 | D:1      | Reached XP level 1. HP: 13/13 MP: 3/3
   387 | D:1      | Reached XP level 2. HP: 5/18 MP: 4/4
   870 | D:3      | Reached skill level 1 in Shields
  1161 | D:4      | Noticed an ogre
  1182 | D:4      | Killed an ogre
  1182 | D:4      | Reached XP level 3. HP: 23/23 MP: 5/5
  1182 | D:4      | Reached XP level 4. HP: 28/28 MP: 6/6
  1284 | D:4      | Reached XP level 5. HP: 31/33 MP: 7/7
  1287 | D:4      | Reached skill level 4 in Shields
  1476 | D:4      | Noticed M4edhros's ghost (amateur OpAr)
  1848 | D:4      | HP: 1/33 [poisoned by a worker ant]
  2158 | D:4      | Reached skill level 5 in Shields
  2425 | D:4      | Reached XP level 6. HP: 38/38 MP: 8/8
  2711 | D:5      | Entered Level 5 of the Dungeon
  2725 | D:5      | Noticed M4edhros's ghost (novice OpAr)
  3169 | D:5      | Reached skill level 6 in Shields
  3294 | D:5      | Noticed Sigmund
  3600 | D:5      | Reached XP level 7. HP: 43/43 MP: 9/9
  3637 | D:5      | Killed Sigmund
  3637 | D:5      | Reached skill level 7 in Shields
  3802 | D:5      | Reached skill level 8 in Shields
  3986 | D:6      | Noticed Prince Ribbit
  4052 | D:6      | Found a sand-covered staircase.
  4087 | D:6      | Reached XP level 8. HP: 12/48 MP: 10/10
  4114 | D:6      | Found Kaeveylu's Assorted Antiques.
  4123 | D:6      | Bought a scroll of magic mapping for 91 gold pieces
  4123 | D:6      | Bought a fluorescent wand for 104 gold pieces
  4162 | D:6      | Found a staircase to the Ecumenical Temple.
  4180 | Temple   | Entered the Ecumenical Temple
  4224 | Temple   | Became a worshipper of Xom of Chaos
  4286 | Ossuary  | Entered an ossuary
  4300 | Ossuary  | Gained mutation: Your magical capacity is low (-10% MP). [potion of mutation]
  4300 | Ossuary  | Gained mutation: Scrolls take you a little longer to read. [potion of mutation]
  4300 | Ossuary  | Gained mutation: You regenerate slowly when monsters are visible. [potion of mutation]
  4309 | Ossuary  | Reached skill level 9 in Shields
  4318 | Ossuary  | Noticed nuthulu's ghost (amateur GrFi)
  4328 | Ossuary  | XOM: potion effect (berserk rage)
  4337 | Ossuary  | XOM: potion effect (haste)
  4343 | Ossuary  | Killed nuthulu's ghost
  4383 | Ossuary  | XOM: potion effect (agility)
  4397 | Ossuary  | Reached skill level 10 in Shields
  4518 | Ossuary  | XOM: destruction
  4533 | Ossuary  | Your ally decayed died
  4645 | Ossuary  | XOM: scenery: 1 doors open
  4787 | Ossuary  | XOM: noise
  4803 | Ossuary  | Reached XP level 9. HP: 32/53 MP: 10/10
  4834 | Ossuary  | XOM: butterfly on damage
  4974 | Ossuary  | Reached skill level 11 in Shields
  5077 | D:6      | XOM: 8-stop teleportation journey
  5101 | D:6      | XOM: give mutations
  5101 | D:6      | Gained mutation: You are resistant to hostile enchantments. [Xom's grace]
  5101 | D:6      | Gained mutation: One of your tentacles bears a spike. [Xom's grace]
  5140 | D:6      | Killed Prince Ribbit
  5269 | D:7      | XOM: destruction
  5278 | D:7      | XOM: cast spell 'Ring of Flames'
  5301 | D:7      | HP: 1/79 [orc priest/divine providence (16)]
  5302 | D:7      | Succumbed to an orc wizard's poison

Vault maps used:
D:1:      mrwooster_arrival_arrow, st_stairs_5, roderic_greek_sauvastika,
          hangedman_abyss_or_decor_stabs, minmay_close_crescents
D:2:      old_standard_altar
D:3:      grunt_temple_overflow_diamond, first_bread
D:5:      uniq_sigmund
D:6:      minmay_temple_entry_purple_smoke, gup_ossuary_entry_pyramid,
          serial_shops, shop, uniq_prince_ribbit1
D:7:      evilmike_ruin_ashenzari
Temple:   circular_temple_12
Ossuary:  ossuary_zaba_flooded

Action                   |  1- 3 |  4- 6 |  7- 9 || total
-------------------------+-------+-------+-------++-------
Melee: Short sword       |    28 |    93 |   188 ||   309
 Fire: Blowgun           |     6 |       |       ||     6
Evoke: Wand              |       |    14 |    16 ||    30
  Use: Scroll            |       |     4 |     8 ||    12
       Potion            |       |       |    13 ||    13
 Stab: Sleeping          |     6 |    11 |     4 ||    21
       Paralysed         |       |       |     3 ||     3
       Confused          |       |       |     5 ||     5
       Distracted        |       |       |     1 ||     1
  Eat: Chunk             |       |     6 |     4 ||    10
       Royal jelly       |       |     1 |       ||     1
       Bread ration      |       |       |     1 ||     1
